 Dungeon Crawl Stone Soup version 0.31-a0-175-g9f7f995f2b (webtiles) character file.

Game seed: 9699215876534683472

25 qw the Shield-Bearer (level 3, -4/23 HPs)
             Began as a Gargoyle Fighter on June 17, 2023.
             Slain by a gnoll
             ... wielding a +0 halberd
              (8 damage)
             ... on level 2 of the Dungeon.
             The game lasted 00:00:31 (1332 turns).

qw the Shield-Bearer (Gargoyle Fighter)             Turns: 1332, Time: 00:00:32

Health: -4/23      AC: 10    Str: 21    XL:     3   Next: 6%
Magic:  3/3        EV:  9    Int:  8    God:
Gold:   75         SH:  4    Dex:  9    Spells: 2/2 levels left

rFire   . . .        Y - +0 war axe
rCold   . . .        c - +0 buckler
rNeg    + . .        b - +0 scale mail
rPois   inf          (no helmet)
rElec   +            (no cloak)
rCorr   +            (no gloves)
SInv    .            (no boots)
Will    .....        (no amulet) Stlth
                     k - ring of resist corrosion
HPRegen 0.23/turn    (no ring)
MPRegen 0.08/turn

%: no passive effects
@: no status effects
A: sickness immunity, AC +3, negative energy resistance 1, electricity
resistance, torment resistance 1, petrification resistance
a: no special abilities


You were on level 2 of the Dungeon.
You visited 1 branch of the dungeon, and saw 2 of its levels.

You collected 75 gold pieces.


Innate Abilities, Weirdness & Mutations

You are immune to sickness and miasma.
Your stone body is resilient. (AC +3)
You are immune to poison.
You resist negative energy. (rN+)
You are resistant to electric shocks. (rElec)
You are resistant to unholy torment.
You are immune to petrification.


   Skills:
 - Level 3.2 Fighting
 + Level 3.1 Axes
 - Level 3.2 Armour
 - Level 3.2 Shields


You had 2 spell levels left.
You didn't know any spells.
Your spell library was empty.

Inventory:

Hand Weapons
 f - a +0 club
 Y - a +0 war axe (weapon)
Armour
 b - a +0 scale mail (worn)
 c - a +0 buckler (worn)
Jewellery
 k - a ring of resist corrosion (left hand)
Scrolls
 a - 2 scrolls of identify
 e - a scroll of enchant weapon {unknown}
 g - a scroll of butterflies {unknown}
 h - a scroll of poison {unknown}
 j - a scroll of silence {unknown}
Potions
 d - a potion of might
 i - 4 potions of curing

Dungeon Overview and Level Annotations

Branches:
Dungeon (2/15)

Altars:
Gozag


Message History

You now have 75 gold pieces (gained 18).
You open the door.
A gnoll and 2 jackals come into view.
The gnoll shouts!
The jackal barks!
Enter note:
Enter note:
Enter note:
Enter note:
Enter note:
Enter note: You closely miss the jackal.
You hit the bush but do no damage. You hit the bush.
You block the jackal's attack.
The jackal bites you but does no damage.
The gnoll closely misses you.
You slash the jackal!
You kill the jackal!
You hit the bush but do no damage. You hit the bush.
The jackal barely misses you.
The gnoll hits you from afar with a +0 halberd!
You barely miss the jackal. You hit the bush but do no damage. x2
The jackal bites you. You block the gnoll's attack.
The jackal bites you but does no damage.
You closely miss the jackal. You hit the bush but do no damage.
You slash the bush! You block the jackal's attack.
The gnoll hits you from afar with a +0 halberd.
The jackal bites you. The gnoll closely misses you.
You closely miss the jackal. You hit the bush but do no damage. x2
You block the jackal's attack. The gnoll misses you.
The jackal bites you but does no damage.
You hit the jackal but do no damage. You completely miss the bush.
You hit the bush but do no damage. The jackal barely misses you.
The gnoll barely misses you. The jackal bites you.
You completely miss the jackal. You hit the bush.
You hit the bush but do no damage. You block the jackal's attack.
The gnoll barely misses you.
The jackal bites you but does no damage.
The gnoll hits you from afar with a +0 halberd!
You die...

.###.#.### ... ...
.........# #.# #.##
.#..####.# #.# #..#
..#.## #.# #..#
.....# ####.# #..#
.)...# ##
#..#.####..#####.
.._:.# #..
#..#.............
.?...#
#..g#P.#.####..######
.....## #...h@...#
#..# .........
#+#+#P.### #^.#
........# #..#
#..####### #########
#..# ##........ ####
#.####### #.# # #.# #
#.# # #.# #


You could see a gnoll and a jackal.

Vanquished Creatures
  A bat (D:1)
  3 endoplasms
  A goblin (D:1)
  2 hobgoblins (D:1)
  3 jackals
  A quokka (D:1)
  3 ball pythons
  A frilled lizard (D:1)
  6 kobolds
  A rat (D:1)
22 creatures vanquished.

Notes
Turn   | Place    | Note
-------+----------+-------------------------------------------
     0 | D:1      | qw the Gargoyle Fighter began the quest for the Orb.
     0 | D:1      | Reached XP level 1. HP: 14/14 MP: 1/1
     0 | D:1      | 0 ||| qw: Version: 0.3-a-2-g5ab2908
     0 | D:1      | 0 ||| qw: Game counter: 115
     0 | D:1      | 0 ||| qw: Always use a shield: true
     0 | D:1      | 0 ||| qw: God list: Okawaru
     0 | D:1      | 0 ||| qw: Allow faded altars: false
     0 | D:1      | 0 ||| qw: Do Orc after D:15 true
     0 | D:1      | 0 ||| qw: Do second Lair branch before Depths: true
     0 | D:1      | 0 ||| qw: Lair rune preference: random
     0 | D:1      | 0 ||| qw: Plans: Normal, Zot:1-4, Slime:5, God:TSO, Crypt,
                  | Tomb, Abyss, Pan, Hells, Win
     0 | D:1      | 0 ||| PLANNING D:1-11
   160 | D:1      | Reached XP level 2. HP: 19/19 MP: 2/2
   362 | D:1      | 362 ||| Stepping ~*~*~tactically~*~*~ (stealth).
   363 | D:1      | 363 ||| Stepping ~*~*~tactically~*~*~ (stealth).
   438 | D:1      | You fall into a shaft and drop 1 floor!
   439 | D:2      | 439 ||| STAIRDANCE
   499 | D:1      | 499 ||| FLEEEEING.
   500 | D:1      | 500 ||| FLEEEEING.
   501 | D:1      | 501 ||| FLEEEEING.
   502 | D:1      | 502 ||| FLEEEEING.
   503 | D:1      | 503 ||| FLEEEEING.
   504 | D:1      | 504 ||| Stepping ~*~*~tactically~*~*~ (hiding).
   508 | D:1      | 508 ||| Stepping ~*~*~tactically~*~*~ (hiding).
   631 | D:1      | 631 ||| Stepping ~*~*~tactically~*~*~ (stealth).
   853 | D:1      | 853 ||| UPGRADING to ring of resist corrosion.
   854 | D:1      | 854 ||| READING 3 scrolls labelled VEWA MAERCHILUWKEE.
   855 | D:1      | 855 ||| READING scroll labelled CAKAECKOERHE.
   856 | D:1      | 856 ||| READING scroll labelled TEFIOS DUINONN.
   857 | D:1      | 857 ||| READING scroll labelled DIERYN ESYH.
   858 | D:1      | 858 ||| READING scroll labelled OTIG LOGITHE.
   859 | D:1      | 859 ||| READING 2 scrolls of identify.
   859 | D:1      | 859 ||| IDENTIFYING sapphire potion
   914 | D:2      | Found an opulent altar of Gozag.
   924 | D:2      | Reached skill level 3 in Axes
  1159 | D:2      | Reached XP level 3. HP: 17/23 MP: 3/3
  1329 | D:2      | HP: 5/23 [jackal (3)]
  1332 | D:2      | Slain by a gnoll

Levels and vault maps discovered:
D:1:      dpeg_arrival_connections, layout_basic
D:2:      layout_loops_ring, basic_altar, cheibrodos_gnoll_hut

Skill      XL: |  1  2 |
---------------+-------+-----
Axes           | 2 3 |  3.1
Fighting       | |  3.2
Armour         | |  3.2
Shields        | |  3.2

Action                     || total
---------------------------++-------
  Melee: War axe           ||    80
    Use: Scroll            ||     6
 Armour: Scale mail        ||    52
  Dodge: Dodged            ||    39
  Block: Buckler           ||    20

Table legend:
 A = Non-vault XP
 B = Vault XP
 C = Vault XP percentage of total XP
 D = Non-vault monster count
 E = Vault monster count
 F = Vault count percentage of total count
                 A         B        C        D         E       F
            +---------+---------+-------+---------+---------+-------
      Total |      35 |       2 |   5.4 |      21 |       1 |   4.5
            +---------+---------+-------+---------+---------+-------
        D:1 |      29 |       0 |   0.0 |      17 |       0 |   0.0
        D:2 |       6 |       2 |  25.0 |       4 |       1 |  20.0
            +---------+---------+-------+---------+---------+-------
